| TOP OF THE 1ST |
|
Tri-City ValleyCats batting - Pitching for Staten Island Yankees : LHP Daniel Fagan
|
|
Pitching: LHP Daniel Fagan
|
|
|
Batting: SHB Benoît Morin
|
0-0: SINGLE (Line Drive, 9LM, EV 95.6 MPH)
|
|
Batting: LHB Guadalupe Gonzalez
|
0-0: Fielders Choice at 2nd, 4-6 (Groundball, 34, EV 84.4 MPH)
|
|
Batting: RHB Lamar Thornton
|
0-0: Ball Guadalupe Gonzalez is caught stealing 2nd base 2-4 1-0: SINGLE (Line Drive, 7LM, EV 96.9 MPH)
|
|
Batting: RHB Juan Mendoza
|
0-0: Swinging Strike 0-1: Ball 1-1: Foul Ball, location: 2F 1-2: Strikes out looking
|
| Top of the 1st over - 0 runs, 2 hits, 0 errors, 1 left on base; Tri-City 0 - Staten Island 0 |
| BOTTOM OF THE 1ST |
|
Staten Island Yankees batting - Pitching for Tri-City ValleyCats : RHP David Sanchez
|
|
Pitching: RHP David Sanchez
|
|
|
Batting: RHB Norimoto Miyanishi
|
0-0: Ball 1-0: Foul Ball, location: 2F 1-1: Ball 2-1: Swinging Strike 2-2: Foul Ball, location: 2F 2-2: Ball 3-2: Base on Balls
|
|
Batting: LHB Carlos Palau
|
0-0: Called Strike 0-1: Foul Ball, location: 2F 0-2: Ball 1-2: Ball 2-2: Foul Ball, location: 2F 2-2: Ball 3-2: Base on Balls Norimoto Miyanishi to second
|
|
Batting: RHB Pat Pemberton
|
0-0: Hit by Pitch Norimoto Miyanishi to third Carlos Palau to second
|
|
Batting: RHB Edite Leoni
|
0-0: Called Strike 0-1: Called Strike 0-2: Ball 1-2: Ball 2-2: Foul Ball, location: 2F 2-2: Ball 3-2: SINGLE (Line Drive, 56, EV 98.1 MPH) Norimoto Miyanishi scores Carlos Palau to third Pat Pemberton to second
|
|
Batting: LHB Justin Short
|
0-0: Ball 1-0: Called Strike 1-1: Ball 2-1: Ball 3-1: Fielders Choice at 2nd, 4-6 (Groundball, 34, EV 97.5 MPH) Carlos Palau scores Pat Pemberton to third
|
|
Batting: RHB Brad Wren
|
0-0: Ball Wild Pitch! Pat Pemberton scores Justin Short to second 1-0: Ground out 5-3 (Groundball, 56, EV 102.5 MPH)
|
|
Batting: SHB Adam Slade
|
0-0: Ball 1-0: Swinging Strike 1-1: SINGLE (Groundball, 13S, EV 70.0 MPH) (infield hit) Justin Short to third
|
|
Batting: RHB Danny Ayala
|
0-0: Foul Ball, location: 2F 0-1: Hit by Pitch Adam Slade to second
|
|
Batting: LHB Danny de Leon
|
0-0: Fly out, F7 (Flyball, 78M, EV 89.4 MPH)
|
| Bottom of the 1st over - 3 runs, 2 hits, 0 errors, 3 left on base; Tri-City 0 - Staten Island 3 |
| TOP OF THE 2ND |
|
Tri-City ValleyCats batting - Pitching for Staten Island Yankees : LHP Daniel Fagan
|
|
Batting: RHB Keith Goodwin
|
0-0: Called Strike 0-1: Foul Ball, location: 2F 0-2: Strikes out swinging
|
|
Batting: RHB Josh Reisner
|
0-0: Ball 1-0: Foul Ball, location: 2F 1-1: Foul Ball, location: 2F 1-2: Ball 2-2: Strikes out swinging
|
|
Batting: SHB Terciero Ortiz
|
0-0: Foul Ball, location: 2F 0-1: Ball 1-1: Ball 2-1: DOUBLE (Line Drive, 89M, EV 102.5 MPH)
|
|
Batting: RHB Bill Borden
|
0-0: DOUBLE (Line Drive, 9LS, EV 111.9 MPH) Terciero Ortiz scores
|
|
Batting: LHB Casper Significant
|
0-0: Ball 1-0: Foul Ball, location: 2F 1-1: Hit by Pitch
|
|
Batting: SHB Benoît Morin
|
0-0: Ground out 3-1 (Groundball, 34S, EV 80.0 MPH)
|
| Top of the 2nd over - 1 run, 2 hits, 0 errors, 2 left on base; Tri-City 1 - Staten Island 3 |
| BOTTOM OF THE 2ND |
|
Staten Island Yankees batting - Pitching for Tri-City ValleyCats : RHP David Sanchez
|
|
Batting: RHB Norimoto Miyanishi
|
0-0: Called Strike 0-1: Foul Ball, location: 2F 0-2: Strikes out looking
|
|
Batting: LHB Carlos Palau
|
0-0: Ball 1-0: Called Strike 1-1: Foul Ball, location: 2F 1-2: Ball 2-2: Foul Ball, location: 2F 2-2: Ball 3-2: Base on Balls
|
|
Batting: RHB Pat Pemberton
|
0-0: Ball Carlos Palau steals 2nd base 1-0: DOUBLE (Groundball, 5L, EV 102.5 MPH) Carlos Palau scores
|
|
Batting: RHB Edite Leoni
|
0-0: Ball 1-0: Swinging Strike 1-1: Called Strike 1-2: SINGLE (Line Drive, 4D, EV 108.8 MPH) Pat Pemberton to third
|
|
Batting: LHB Justin Short
|
0-0: Ball 1-0: Ball 2-0: Ball Wild Pitch! Pat Pemberton scores Edite Leoni to second 3-0: Called Strike 3-1: Foul Ball, location: 2F 3-2: Ground out 6-3 (Groundball, 6, EV 86.9 MPH)
|
|
Pitching: RHP Kevin Zika
|
|
|
Batting: RHB Brad Wren
|
0-0: Foul Ball, location: 2F 0-1: Swinging Strike 0-2: Ball 1-2: Ball Passed Ball! Edite Leoni to third 2-2: Foul Ball, location: 2F 2-2: Ground out 4-3 (Groundball, 4, EV 111.2 MPH)
|
| Bottom of the 2nd over - 2 runs, 2 hits, 0 errors, 1 left on base; Tri-City 1 - Staten Island 5 |
| TOP OF THE 3RD |
|
Tri-City ValleyCats batting - Pitching for Staten Island Yankees : LHP Daniel Fagan
|
|
Batting: LHB Guadalupe Gonzalez
|
0-0: Ball 1-0: Fly out, F2 (Popup, 5SF, EV 69.4 MPH)
|
|
Batting: RHB Lamar Thornton
|
0-0: Swinging Strike 0-1: Called Strike 0-2: Foul Ball, location: 2F 0-2: Ball 1-2: Ball 2-2: Ball 3-2: Base on Balls
|
|
Batting: RHB Juan Mendoza
|
0-0: Called Strike 0-1: Swinging Strike 0-2: Strikes out swinging
|
|
Batting: RHB Keith Goodwin
|
0-0: Ball 1-0: Reached on error, E6 (Groundball, 6, EV 104.4 MPH) Lamar Thornton to second
|
|
Batting: RHB Josh Reisner
|
0-0: Called Strike 0-1: Foul Ball, location: 2F 0-2: Strikes out swinging
|
| Top of the 3rd over - 0 runs, 0 hits, 1 error, 2 left on base; Tri-City 1 - Staten Island 5 |
| BOTTOM OF THE 3RD |
|
Staten Island Yankees batting - Pitching for Tri-City ValleyCats : RHP Kevin Zika
|
|
Batting: SHB Adam Slade
|
0-0: Ball 1-0: Ball 2-0: Called Strike 2-1: SINGLE (Groundball, 34D, EV 98.8 MPH)
|
|
Batting: RHB Danny Ayala
|
0-0: Ball 1-0: Called Strike 1-1: Ball 2-1: Called Strike 2-2: Strikes out looking
|
|
Batting: LHB Danny de Leon
|
0-0: Swinging Strike 0-1: Ball 1-1: Swinging Strike 1-2: Ball 2-2: Foul Ball, location: 2F 2-2: Foul Ball, location: 2F 2-2: Strikes out swinging
|
|
Batting: RHB Norimoto Miyanishi
|
0-0: Ball 1-0: Swinging Strike 1-1: Ball 2-1: Swinging Strike 2-2: Strikes out swinging
|
| Bottom of the 3rd over - 0 runs, 1 hit, 0 errors, 1 left on base; Tri-City 1 - Staten Island 5 |
| TOP OF THE 4TH |
|
Tri-City ValleyCats batting - Pitching for Staten Island Yankees : LHP Daniel Fagan
|
|
Batting: SHB Terciero Ortiz
|
0-0: Fly out, F8 (Flyball, 89D, EV 98.8 MPH)
|
|
Batting: RHB Bill Borden
|
0-0: Called Strike 0-1: Foul Ball, location: 2F 0-2: Ball 1-2: Ball 2-2: Strikes out looking
|
|
Batting: LHB Casper Significant
|
0-0: Ball 1-0: Ball 2-0: Called Strike 2-1: Ball 3-1: Foul Ball, location: 2F 3-2: SINGLE (Flyball, 4D, EV 90.6 MPH)
|
|
Batting: SHB Benoît Morin
|
0-0: Ball Passed Ball! Casper Significant to second 1-0: Called Strike 1-1: Reached on error, E6 (Groundball, 6, EV 92.5 MPH) Casper Significant scores
|
|
Batting: LHB Guadalupe Gonzalez
|
0-0: Ball 1-0: Called Strike 1-1: Swinging Strike 1-2: Foul Ball, location: 2F 1-2: Ball 2-2: SINGLE (Groundball, 34D, EV 100.0 MPH) Benoît Morin to third Runner from 3rd tries for Home, SAFE, throw by RF to home
|
|
Batting: RHB Lamar Thornton
|
0-0: Ball 1-0: Ball 2-0: Called Strike Guadalupe Gonzalez is caught stealing 2nd base 2-4
|
| Top of the 4th over - 2 runs, 2 hits, 1 error, 0 left on base; Tri-City 3 - Staten Island 5 |
| BOTTOM OF THE 4TH |
|
Staten Island Yankees batting - Pitching for Tri-City ValleyCats : RHP Kevin Zika
|
|
Batting: LHB Carlos Palau
|
0-0: Ball 1-0: Ball 2-0: Called Strike 2-1: Ball 3-1: Foul Ball, location: 2F 3-2: Strikes out swinging
|
|
Batting: RHB Pat Pemberton
|
0-0: Foul Ball, location: 2F 0-1: Foul Ball, location: 2F 0-2: Ball 1-2: Strikes out swinging
|
|
Batting: RHB Edite Leoni
|
0-0: SINGLE (Line Drive, 78S, EV 104.4 MPH)
|
|
Batting: LHB Justin Short
|
0-0: Called Strike 0-1: Foul Ball, location: 2F 0-2: Ball 1-2: Ball 2-2: Ball 3-2: Foul Ball, location: 2F 3-2: Base on Balls Edite Leoni to second
|
|
Batting: RHB Brad Wren
|
0-0: Called Strike 0-1: Foul Ball, location: 2F 0-2: Foul Ball, location: 2F 0-2: Ball 1-2: Ground out 5-3 (Groundball, 56S, EV 62.5 MPH)
|
| Bottom of the 4th over - 0 runs, 1 hit, 0 errors, 2 left on base; Tri-City 3 - Staten Island 5 |
| TOP OF THE 5TH |
|
Tri-City ValleyCats batting - Pitching for Staten Island Yankees : LHP Daniel Fagan
|
|
Batting: RHB Lamar Thornton
|
0-0: Called Strike 0-1: Ball 1-1: Ball 2-1: SINGLE (Flyball, 6MD, EV 89.4 MPH)
|
|
Batting: RHB Juan Mendoza
|
0-0: Called Strike 0-1: Swinging Strike 0-2: 2-RUN HOME RUN (Flyball, 7D, EV 94.4 MPH), Distance : 371 ft
|
|
Pitching: RHP Kenny Samuels
|
|
|
Batting: RHB Keith Goodwin
|
0-0: Ball 1-0: Ball 2-0: Called Strike 2-1: Called Strike 2-2: Fly out, F7 (Flyball, 78M, EV 96.2 MPH)
|
|
Batting: RHB Josh Reisner
|
0-0: Called Strike 0-1: Swinging Strike 0-2: Ball 1-2: Ball 2-2: Strikes out swinging
|
|
Batting: SHB Terciero Ortiz
|
0-0: Ball 1-0: Foul Ball, location: 2F 1-1: Ball 2-1: Ball 3-1: Base on Balls
|
|
Batting: RHB Bill Borden
|
0-0: Called Strike Terciero Ortiz steals 2nd base 0-1: Foul Ball, location: 2F 0-2: Strikes out swinging
|
| Top of the 5th over - 2 runs, 2 hits, 0 errors, 1 left on base; Tri-City 5 - Staten Island 5 |
| BOTTOM OF THE 5TH |
|
Staten Island Yankees batting - Pitching for Tri-City ValleyCats : RHP Kevin Zika
|
|
Batting: SHB Adam Slade
|
0-0: Called Strike 0-1: Ball 1-1: Ball 2-1: Ball 3-1: Foul Ball, location: 2F 3-2: Strikes out swinging
|
|
Batting: RHB Danny Ayala
|
0-0: Ground out 5-3 (Groundball, 56, EV 103.1 MPH)
|
|
Batting: LHB Danny de Leon
|
0-0: Called Strike 0-1: Ground out 6-3 (Groundball, 4M, EV 103.8 MPH)
|
| Bottom of the 5th over - 0 runs, 0 hits, 0 errors, 0 left on base; Tri-City 5 - Staten Island 5 |
| TOP OF THE 6TH |
|
Tri-City ValleyCats batting - Pitching for Staten Island Yankees : RHP Kenny Samuels
|
|
Batting: LHB Casper Significant
|
0-0: Called Strike 0-1: Called Strike 0-2: Foul Ball, location: 2F 0-2: Ball 1-2: Ball 2-2: Strikes out swinging
|
|
Batting: SHB Benoît Morin
|
0-0: Ball 1-0: Called Strike 1-1: Ball 2-1: Ball 3-1: Base on Balls
|
|
Batting: LHB Guadalupe Gonzalez
|
0-0: Ball 1-0: Called Strike 1-1: Ball 2-1: Foul Ball, location: 2F 2-2: SINGLE (Flyball, 4D, EV 88.1 MPH) Benoît Morin to second
|
|
Batting: RHB Lamar Thornton
|
0-0: Foul Ball, location: 2F 0-1: Called Strike 0-2: Ball 1-2: Foul Ball, location: 2F 1-2: Fly out, F9 (Flyball, 89M, EV 85.0 MPH)
|
|
Batting: RHB Juan Mendoza
|
0-0: Called Strike 0-1: Ball 1-1: Ball 2-1: Called Strike 2-2: Foul Ball, location: 2F 2-2: Foul Ball, location: 2F 2-2: Strikes out looking
|
| Top of the 6th over - 0 runs, 1 hit, 0 errors, 2 left on base; Tri-City 5 - Staten Island 5 |
| BOTTOM OF THE 6TH |
|
Staten Island Yankees batting - Pitching for Tri-City ValleyCats : RHP Kevin Zika
|
|
Pitching: LHP Joe Sellick
|
|
|
Batting: RHB Norimoto Miyanishi
|
0-0: Ball 1-0: Swinging Strike 1-1: Called Strike 1-2: Strikes out swinging
|
|
Batting: LHB Carlos Palau
|
0-0: DOUBLE (Line Drive, 9LM, EV 110.0 MPH)
|
|
Batting: RHB Pat Pemberton
|
0-0: Ball 1-0: Ball 2-0: Ball 3-0: Called Strike 3-1: Base on Balls
|
|
Batting: RHB Edite Leoni
|
0-0: Swinging Strike 0-1: Ground out 5-3 (Groundball, 56, EV 100.0 MPH) Carlos Palau to third Pat Pemberton to second
|
|
Batting: LHB Justin Short
|
0-0: Ball 1-0: Ball 2-0: Called Strike 2-1: Ball 3-1: Swinging Strike 3-2: Foul Ball, location: 2F 3-2: SINGLE (Line Drive, 6D, EV 100.6 MPH) Carlos Palau scores Pat Pemberton to third
|
|
Pitching: RHP Jeremy Mash
|
|
|
Batting: RHB Brad Wren
|
0-0: Ball 1-0: Swinging Strike 1-1: Swinging Strike 1-2: Foul Ball, location: 2F 1-2: Strikes out swinging
|
| Bottom of the 6th over - 1 run, 2 hits, 0 errors, 2 left on base; Tri-City 5 - Staten Island 6 |
| TOP OF THE 7TH |
|
Tri-City ValleyCats batting - Pitching for Staten Island Yankees : RHP Kenny Samuels
|
|
Pitching: RHP Jon Campbell
|
|
|
Batting: RHB Keith Goodwin
|
0-0: Ball 1-0: SINGLE (Groundball, 56S, EV 66.9 MPH) (infield hit)
|
|
Pinch Hitting: RHB Dave Gallegos
|
0-0: Grounds into double play, 5-4-3 (Groundball, 56, EV 98.8 MPH)
|
|
Batting: SHB Terciero Ortiz
|
0-0: Called Strike 0-1: Foul Ball, location: 2F 0-2: Strikes out swinging
|
| Top of the 7th over - 0 runs, 1 hit, 0 errors, 0 left on base; Tri-City 5 - Staten Island 6 |
| BOTTOM OF THE 7TH |
|
Staten Island Yankees batting - Pitching for Tri-City ValleyCats : RHP Jeremy Mash
|
|
Now at 2B: Dave Gallegos
|
|
|
Batting: SHB Adam Slade
|
0-0: Foul Ball, location: 2F 0-1: Called Strike 0-2: Ground out U3 (Groundball, 3, EV 89.4 MPH)
|
|
Batting: RHB Danny Ayala
|
0-0: Called Strike 0-1: Foul Ball, location: 2F 0-2: Ground out 6-3 (Groundball, 6S, EV 86.2 MPH)
|
|
Batting: LHB Danny de Leon
|
0-0: Called Strike 0-1: Swinging Strike 0-2: Strikes out swinging
|
| Bottom of the 7th over - 0 runs, 0 hits, 0 errors, 0 left on base; Tri-City 5 - Staten Island 6 |
| TOP OF THE 8TH |
|
Tri-City ValleyCats batting - Pitching for Staten Island Yankees : RHP Jon Campbell
|
|
Batting: RHB Bill Borden
|
0-0: Called Strike 0-1: Ball 1-1: Foul Ball, location: 2F 1-2: Foul Ball, location: 2F 1-2: Strikes out swinging
|
|
Batting: LHB Casper Significant
|
0-0: Ball 1-0: Ball 2-0: Ball 3-0: Called Strike 3-1: Foul Ball, location: 2F 3-2: Foul Ball, location: 2F 3-2: Strikes out swinging
|
|
Batting: SHB Benoît Morin
|
0-0: Ball 1-0: Ground out 6-3 (Groundball, 6MS, EV 82.5 MPH)
|
| Top of the 8th over - 0 runs, 0 hits, 0 errors, 0 left on base; Tri-City 5 - Staten Island 6 |
| BOTTOM OF THE 8TH |
|
Staten Island Yankees batting - Pitching for Tri-City ValleyCats : RHP Jeremy Mash
|
|
Batting: RHB Norimoto Miyanishi
|
0-0: Ball 1-0: Ball 2-0: Foul Ball, location: 2F 2-1: Foul Ball, location: 2F 2-2: Ground out 1-3 (Groundball, P, EV 68.8 MPH)
|
|
Batting: LHB Carlos Palau
|
0-0: SINGLE (Flyball, 9LS, EV 93.8 MPH)
|
|
Pitching: LHP Jason Mitchell
|
|
|
Batting: RHB Pat Pemberton
|
0-0: Called Strike 0-1: Ball 1-1: Ball 2-1: Ball 3-1: Foul Ball, location: 2F 3-2: Foul Ball, location: 2F 3-2: Strikes out swinging
|
|
Batting: RHB Edite Leoni
|
0-0: Ball 1-0: Fly out, F8 (Flyball, 8LD, EV 85.6 MPH)
|
| Bottom of the 8th over - 0 runs, 1 hit, 0 errors, 1 left on base; Tri-City 5 - Staten Island 6 |
| TOP OF THE 9TH |
|
Tri-City ValleyCats batting - Pitching for Staten Island Yankees : RHP Jon Campbell
|
|
Pitching: RHP Matt Elliott
|
|
|
Now at 1B: Daniel Underhay
|
|
|
Now in RF: Jon Pierce
|
|
|
Batting: LHB Guadalupe Gonzalez
|
0-0: Swinging Strike 0-1: Swinging Strike 0-2: Strikes out swinging
|
|
Batting: RHB Lamar Thornton
|
0-0: Called Strike 0-1: Ball 1-1: Ball 2-1: Ball 3-1: Foul Ball, location: 2F 3-2: Ground out 4-3 (Groundball, 4, EV 102.5 MPH)
|
|
Batting: RHB Juan Mendoza
|
0-0: Ball 1-0: Ball 2-0: Ball 3-0: Base on Balls
|
|
Batting: RHB Keith Goodwin
|
0-0: Called Strike 0-1: Ball 1-1: Ball 2-1: Ground out 4-3 (Groundball, 4MS, EV 83.8 MPH)
|
| Top of the 9th over - 0 runs, 0 hits, 0 errors, 1 left on base; Tri-City 5 - Staten Island 6 |
|